 Dungeon Crawl Stone Soup version 0.28.0 (webtiles) character file.

Game seed: 16925128655926683620

359 SnakkuSnakku7 the Bolt Thrower (level 6, -7/36 HPs)
             Began as a Tengu Enchanter on Feb 5, 2022.
             Was a High Priest of Ignis.
             Mangled by a gnoll sergeant (14 damage)
             ... on level 5 of the Dungeon.
             The game lasted 00:05:08 (3201 turns).

SnakkuSnakku7 the Bolt Thrower (Tengu Enchanter)    Turns: 3201, Time: 00:05:09

Health: -7/36      AC:  3    Str: 11    XL:     6   Next: 65%
Magic:  10/10      EV: 14    Int: 15    God:    Ignis [*****.]
Gold:   98         SH:  0    Dex: 14    Spells: 9/9 levels left

rFire   + . .      SeeInvis .   b - +0 arbalest (freeze)
rCold   . . .      Faith    .   (shield currently unavailable)
rNeg    . . .      Spirit   .   p - +0 robe
rPois   .          Reflect  .   (helmet restricted)
rElec   .          Harm     .   g - +0 cloak
rCorr   .          Rampage  .   (no gloves)
Will    .....                   (boots unavailable)
Stlth   ++........              (no amulet)
HPRegen 0.12/turn               (no ring)
MPRegen 0.12/turn               (no ring)

@: flying quickly and evasively, invisible, quick
A: beak, talons 3, nimble flight
a: Renounce Religion, Fiery Armour, Foxfire Swarm, Rising Flame


You were on level 5 of the Dungeon.
You worshipped Ignis.
Ignis was extremely pleased with you.
You visited 1 branch of the dungeon, and saw 5 of its levels.
You also visited: Sewer.

You collected 98 gold pieces.

Inventory:

Hand Weapons
 a - a +3 dagger
 b - a +0 arbalest of freezing (weapon)
Missiles
 e - 10 bolts (quivered ammo)
 n - 6 poisoned darts
Armour
 g - a +0 cloak (worn)
 p - a +0 robe (worn)
Jewellery
 m - the ring "Gidut" {rC- rN+++ rCorr Int+6 Dex-3}
   (You found it on level 2 of the Dungeon)

   [ring of intelligence]

   Int:       It affects your intelligence (+6).
   Dex:       It affects your dexterity (-3).
   rC:        It makes you vulnerable to cold.
   rN:        It renders you almost immune to negative energy.
   rCorr:     It protects you from acid and corrosion.
Wands
 j - a wand of acid (12)
Scrolls
 f - a scroll of enchant weapon {unknown}
 h - a scroll of immolation
 k - a scroll of enchant armour {unknown}
 l - a scroll of blinking
Potions
 d - a potion of might
 i - a potion of curing
 o - a potion of mutation {unknown}


   Skills:
 - Level 2.5 Fighting
 - Level 1.1 Short Blades
 + Level 4.8 Crossbows
 - Level 3.4 Throwing
 - Level 2.1 Dodging
 - Level 3.0 Stealth
 - Level 2.0 Spellcasting
 - Level 2.1 Hexes


You had 9 spell levels left.
You didn't know any spells.
Your spell library contained the following spells:

 Spells                   Type           Power      Damage    Failure   Level
 Ensorcelled Hibernation  Hex/Ice        8%         N/A       22%         2
 Confusing Touch          Hex            8%         N/A       26%         3
 Tukima's Dance           Hex            8%         N/A       26%         3
 Dazzling Flash           Conj/Hex       8%         N/A       38%         3
 Gell's Gravitas          Tloc           1%         N/A       54%         3
 Teleport Other           Tloc           1%         N/A       54%         3
 Dispersal                Tloc           0%         N/A       100%        6


Dungeon Overview and Level Annotations

Branches:
Dungeon (6/15)              Sewer (visited)
 Temple: D:4-7

Altars:
Dithmenos
Elyvilon
Qazlal
Sif Muna
Ignis


Innate Abilities, Weirdness & Mutations

You have a beak for a mouth.
You have claws for feet.
Your magical nature lets you fly swiftly and evasively.


Message History

You shoot a bolt. The bolt completely misses the gnoll.
The bolt hits the gnoll!
The bolt freezes the gnoll!
You kill the gnoll!
You hear a splash.
Something barely misses you.
Fire: 15 bolts
Press: ? - help, Q - select action, (/) - cycle Shift-Dir - straight line, f/p - gnoll
Aim: a gnoll, wielding a +0 club (wandering, hasn't noticed you, 65% to hit)
You shoot a bolt.
You hear a splash.
Something barely misses you.
Fire: 14 bolts
Press: ? - help, Q - select action, (/) - cycle Shift-Dir - straight line, f/p - gnoll
Aim: a gnoll, wielding a +0 club (65% to hit)
You shoot a bolt.
You hear a splash.
You hear a splashing noise.
Something hits you.
Fire: 13 bolts
Press: ? - help, Q - select action, (/) - cycle Shift-Dir - straight line, f/p - gnoll
Aim: a gnoll, wielding a +0 club (65% to hit)
You shoot a bolt.
You hear a splash.
Something hits you but does no damage. Something barely misses you.
Fire: 12 bolts
Press: ? - help, Q - select action, (/) - cycle Shift-Dir - straight line, f/p - gnoll
Aim: a gnoll, wielding a +0 club (65% to hit)
You shoot a bolt.
You hear a splash.
Something hits you.
* * * LOW HITPOINT WARNING * * *
Fire: 11 bolts
Press: ? - help, Q - select action, (/) - cycle Shift-Dir - straight line, f/p - gnoll
Aim: a gnoll, wielding a +0 club (65% to hit)
You shoot a bolt. The bolt hits the gnoll!
The bolt freezes the gnoll.
The gnoll is severely wounded.
You hear a splash.
Something hits you!
You die...

..... #..#..##≈#.....##
..... ##.(....#(##.....#.#
.....###.......#(#...gg..$.
.....#.........#)#..##..#..
.........)....##≈#.....##..
..............##g#.>......
#..............#{#........
#............#.#.#........
###...#....#.#.#@#........
###.......##...###.......#
.#...###.........#.##.#...
......####..#.......#.#...
....(### ##.##.#..###.# ..
..<)...# !.#####...
...........## ##..#
.....#.#... #...
.....##.... ...#


You could see a gnoll.

Vanquished Creatures
  An ogre (D:2)
  A scorpion (D:3)
  A jelly (D:5)
  A hound (D:5)
  9 adders
  2 gnolls (D:5)
  2 worms
  A dart slug (D:1)
  6 ball pythons
  3 endoplasms
  3 giant cockroaches
  A hobgoblin (D:1)
  6 jackals (D:2)
  A quokka (D:3)
  6 bats
  6 frilled lizards
  A goblin (D:1)
  3 kobolds
  6 rats
60 creatures vanquished.

Vanquished Creatures (others)
  18 foxfires (D:2)
18 creatures vanquished.

Grand Total: 78 creatures vanquished

Notes
Turn   | Place    | Note
-------+----------+-------------------------------------------
     0 | D:1      | SnakkuSnakku7 the Tengu Enchanter began the quest for the
                  | Orb.
     0 | D:1      | Reached XP level 1. HP: 10/10 MP: 4/4
    55 | D:1      | Reached skill level 1 in Fighting
   255 | D:1      | Reached XP level 2. HP: 16/16 MP: 6/6
   529 | D:1      | Found a faded altar of an unknown god.
   541 | D:1      | Prayed at the altar of an unknown god.
   541 | D:1      | Became a worshipper of Ignis, the Dying Flame
  1089 | D:2      | Identified the ring "Gidut" {rC- rN+++ rCorr Int+6 Dex-3}
  1121 | D:2      | Reached XP level 3. HP: 22/22 MP: 7/7
  1240 | D:2      | Noticed an ogre
  1343 | D:2      | Found a shadowy altar of Dithmenos.
  1643 | D:2      | Killed an ogre
  1644 | D:2      | Reached XP level 4. HP: 27/27 MP: 8/8
  1726 | D:2      | Gained mutation: Your magical nature lets you fly swiftly
                  | and evasively. [Tengu growth]
  1726 | D:2      | Reached XP level 5. HP: 22/31 MP: 9/9
  1984 | D:3      | Found a white marble altar of Elyvilon.
  2103 | D:3      | Reached skill level 1 in Crossbows
  2267 | D:3      | Reached skill level 2 in Crossbows
  2537 | D:3      | You are sucked into a shaft and drop 3 floors!
  2547 | D:6      | Reached skill level 3 in Crossbows
  2684 | D:5      | Entered Level 5 of the Dungeon
  2684 | D:5      | Found a stormy altar of Qazlal.
  2711 | D:5      | Reached XP level 6. HP: 36/36 MP: 10/10
  2756 | D:5      | Found a shimmering blue altar of Sif Muna.
  2788 | D:5      | Reached skill level 4 in Crossbows
  2897 | D:5      | Found a glowing drain.
  2911 | Sewer    | Entered a sewer
  3201 | D:5      | Mangled by a gnoll sergeant

Illustrated notes

Levels and vault maps discovered:
D:1:      dpeg_arrival_oval, layout_basic, chequers_ecumenical_altar_island
D:2:      layout_loops_ring, basic_altar
D:3:      layout_rooms, overflow_temple_1_default, lemuel_round_altar,
          okawaru_gym_becter
D:5:      layout_cave_pools, mainiacjoe_overflow_alcove_1, lemuel_crystal_altar,
          mainiacjoe_overflow_boulevard, portal_sewer_entry_d,
          nicolae_fountain_basement
D:6:      minmay_flawed_box, layout_rooms, cheibriados_altar_1

Skill      XL: |  1  2  3  4  5  6 |
---------------+-------------------+-----
Fighting       | 1 2 |  2.5
Throwing       | 3 |  3.4
Crossbows      | 3 4 |  4.8
Short Blades   | |  1.1
Dodging        | |  2.1
Stealth        | |  3.0
Spellcasting   | |  2.0
Hexes          | |  2.1

Action                   |  1- 3 |  4- 6 || total
-------------------------+-------+-------++-------
Melee: Dagger            |    63 |    90 ||   153
       Kick              |    16 |    29 ||    45
       Peck              |     4 |    14 ||    18
       Punch             |     3 |     1 ||     4
 Fire: Arbalest          |       |    14 ||    14
Throw: Dart              |       |     6 ||     6
Invok: Foxfire Swarm     |     1 |       ||     1
  Use: Scroll            |       |    11 ||    11
       Potion            |       |     2 ||     2
 Stab: Sleeping          |     5 |     3 ||     8
Armor: Robe              |    17 |    17 ||    34
Dodge: Dodged            |    43 |    54 ||    97
